 Dungeon Crawl Stone Soup version 0.31-a0-233-g139696dc86 (webtiles) character file.

Game seed: 12574626369979343245

31355 olmar the Geomancer (level 13, -4/102 HPs)
             Began as a Ghoul Earth Elementalist on July 9, 2023.
             Was an Initiate of Gozag.
             Slain by a minotaur
             ... wielding a +2 rapier of draining
              (14 damage)
             ... in a Gauntlet.
             The game lasted 00:33:35 (18449 turns).

olmar the Geomancer (Ghoul Earth Elementalist)     Turns: 18449, Time: 00:33:36

Health: -4/102     AC: 11    Str: 10 (11) XL:     13   Next: 57%
Magic:  37/37      EV: 16    Int: 22      God:    Gozag
Gold:   183        SH:  0    Dex: 17 (19) Spells: 17/36 levels left

rFire   . . .        q - +7 spear of Ragnarok {flame, Contam Str-2 Dex+4 SInv}
rCold   + . .        (no shield)
rNeg    + + +        x - +4 robe of Folly {Brill Will-∞ Int+8}
rPois   ∞            c - +0 helmet
rElec   .            L - +2 cloak
rCorr   .            (no gloves)
SInv    +            g - +0 pair of boots
Will    .....        A - amulet of magic regeneration
Stlth   ++           d - +6 ring of dexterity
HPRegen 0.00/turn    e - ring of magical power
MPRegen 0.65/turn

%: no teleportation
@: attractive, inhibited regen
A: claws 1, cold resistance 1, negative energy resistance 3, inhibited
regeneration, torment resistance 2, devour on kill
a: Renounce Religion, Potion Petition, Call Merchant, Bribe Branch


You were in a Gauntlet.
You worshipped Gozag.
Gozag was aware of your devotion.
You visited 3 branches of the dungeon, and saw 16 of its levels.
You also visited: Gauntlet.

You collected 2238 gold pieces.
You paid 2055 gold pieces to Gozag.

Inventory:

Hand Weapons
 q - the +7 spear of Ragnarok (weapon) {flame, Contam Str-2 Dex+4 SInv}
   (You found it on level 3 of the Dungeon)

   Str:       It affects your strength (-2).
   Dex:       It affects your dexterity (+4).
   SInv:      It lets you see invisible.
   Contam:    It causes magical contamination when unequipped.
 Z - the +8 demon trident "Rift" {distort, reach+}
   (You found it in a Gauntlet)
Missiles
 n - 4 throwing nets
 r - 42 poisoned darts
 y - 6 silver javelins
Armour
 c - a +0 helmet (worn)
 g - a +0 pair of boots (worn)
 x - the +4 robe of Folly (worn) {Brill Will-∞ Int+8}
   (You found it in a Gauntlet)

   Brill:     It increases the power of your magical spells and halves their MP
   cost (rounding up).
   Will-∞: It reduces your willpower to zero.
   Int:       It affects your intelligence (+8).
 F - a +2 leather armour of fire resistance
 H - +0 steam dragon scales
 L - a +2 cloak (worn)
 Y - a +2 robe of cold resistance
Magical Staves
 i - a staff of death
 K - a staff of air
Jewellery
 d - a +6 ring of dexterity (left claw)
 e - a ring of magical power (right claw)
 p - a ring of flight
 u - a ring of resist corrosion
 A - an amulet of magic regeneration (around neck)
 D - a ring of magical power
 I - a ring of see invisible
 U - a ring of fire
 W - a ring of ice
Wands
 w - a wand of flame (19)
 J - a wand of iceblast (5)
 V - a wand of polymorph (3)
Scrolls
 b - a scroll of fog
 h - a scroll of enchant armour {unknown}
 j - 2 scrolls of revelation
 k - 4 scrolls of vulnerability
 m - 3 scrolls of noise {unknown}
 t - 2 scrolls of silence
 B - a scroll of enchant weapon {unknown}
 G - a scroll of teleportation
 O - a scroll of amnesia {unknown}
 Q - a scroll of summoning {unknown}
 R - a scroll of immolation {unknown}
 T - a scroll of blinking {unknown}
Potions
 l - 2 potions of cancellation
 s - 4 potions of enlightenment
 M - a potion of might


   Skills:
 + Level 5.8 Fighting
 - Level 0.2 Armour
 + Level 6.8 Dodging
 - Level 2.1 Stealth
 + Level 12.1 Spellcasting
 + Level 6.8 Conjurations
 + Level 3.0 Summonings
 - Level 0.8 Transmutations
 + Level 14.4 Earth Magic


You had 17 spell levels left.
You knew the following spells:

 Your Spells              Type           Power      Damage    Failure   Level
a - Sandblast             Erth           100%       2d20      0%          1
b - Passwall              Tmut/Erth      52%        N/A       1%          2
c - Stone Arrow           Conj/Erth      100%       3d13      1%          3
d - Petrify               Tmut/Erth      63%        N/A       1%          4
e - Animate Armour        Summ/Erth      100%       N/A       1%          4
f - Call Imp              Summ           80%        N/A       1%          2
g - Dazzling Flash        Conj/Hex       84%        N/A       3%          3

Your spell library contained the following spells:

 Spells                   Type           Power      Damage    Failure   Level
 Magic Dart               Conj           100%       1d8       1%          1
 Necrotise                Necr           80%        1d8       4%          1
 Slow                     Hex            80%        N/A       4%          1
 Mephitic Cloud           Conj/Pois/Air  35%        N/A       6%          3
 Scorch                   Fire           40%        2d6       8%          2
 Flame Wave               Conj/Fire      42%        2d11      12%         4
 Iskenderun's Mystic Bla  Conj/Tloc      42%        2d10      12%         4
 Confusing Touch          Hex            20%        N/A       14%         3
 Vampiric Draining        Necr           20%        2d7       14%         3
 Volatile Blastmotes      Fire/Tloc      40%        2d13      14%         3
 Irradiate                Conj/Tmut      22%        3d19      28%         5
 Agony                    Necr           20%        N/A       80%         5
 Starburst                Conj/Fire      21%        6d7       88%         6
 Summon Cactus Giant      Summ           20%        N/A       91%         6
 Lehudib's Crystal Spear  Conj/Erth      37%        10d9      99%         8
 Malign Gateway           Summ/Tloc      15%        N/A       100%        7
 Summon Horrible Things   Summ           20%        N/A       100%        8
 Chain Lightning          Conj/Air       21%        3d28      100%        9
 Fire Storm               Conj/Fire      21%        8d5       100%        9
 Shatter                  Erth           43%        3d33*     100%        9
 Sublimation of Blood     Necr           Unusable   N/A       N/A         2

Dungeon Overview and Level Annotations

Branches:
Dungeon (12/15)            Temple (1/1) D:4            Lair (3/5) D:9
 Shoals (0/4) Lair:2        Snake (0/4) Lair:3          Orc (0/2) D:12
Gauntlet (1/1)

Altars:
Ashenzari
Cheibriados
Dithmenos
Fedhas
Gozag
Hepliaklqana
Kikubaaqudgha
Makhleb
Nemelex Xobeh
Okawaru
Qazlal
Ru
Sif Muna
Trog
Uskayaw
Vehumet
Wu Jian
Xom
Yredelemnul
Lugonu

Annotations:
D:7 2 transporters
D:11 Kirke
D:12 Frances
Lair:2 3 runed translucent doors, olmar's ghost, journeyman AtFi Gauntlet 15 runed translucent doors, 5 transporters


Innate Abilities, Weirdness & Mutations

You are immune to poison.
You have sharp fingernails.
Your flesh is cold resistant. (rC+)
You are immune to negative energy. (rN+++)
You do not regenerate when monsters are visible.
You are immune to unholy pain and torment.
You thrive by killing the living.


Message History

Really dazzle near your cerulean imp?
Okay, then.
Unknown command.
Unknown command.
Okay, then. [a] - 594 gold - haste, brilliance, heal wounds and curing [b] - 580 gold - heal wounds, curing, brilliance and magic [c] - 220 gold - curing and magic Purchase which effect?
You no longer have enough gold to petition Gozag for potion effects.
You feel better. Magic courses through your body.
The minotaur hits you with a +2 rapier of draining!
The minotaur closely misses you.
The minotaur blocks your cerulean imp's attack.
Your animated robe hits the minotaur but does no damage. x2
Unknown command.
You puncture the minotaur! You burn the minotaur.
The minotaur is moderately wounded.
The minotaur hits you with a +2 rapier of draining.
The minotaur gores you.
The minotaur blocks your cerulean imp's attack.
Your animated robe hits the minotaur but does no damage.
Your animated robe barely misses the minotaur.
Aiming: Polymorph
Press: ? - help, Shift-Dir - straight line, f/p - minotaur
Aim: a minotaur, wielding a +2 rapier of draining, wearing the +5 robe of Night {Dark Will+ SInv}, wearing a +2 buckler of reflection, wearing a ring of willpower and quivering silver javelins (poison gas, moderately wounded, unusually resistant, not watching you, poisoned, ally target, reflecting blocked projectiles, will become a green draconian, a purple draconian, or a yellow draconian, chance to affect: 0%)
Okay, then.
You strike the helpless minotaur from behind!
You hit the minotaur but do no damage. The minotaur blocks your attack.
The minotaur is moderately wounded.
The minotaur hits you with a +2 rapier of draining!!
* * * LOW HITPOINT WARNING * * *
The minotaur gores you.
* * * LOW HITPOINT WARNING * * *
The minotaur blocks your cerulean imp's attack.
The minotaur blocks your animated robe's attack.
Your animated robe hits the minotaur but does no damage.
The minotaur hits you with a +2 rapier of draining!
You die...
Your body crumbles into a pile of gold.

#####.§.###########..###
...................§.#8#
.....≈∩≈...........§§###
# ######################
§..............○≈# #8#
8.8.8..©.©..8.8§8# ###
............§°.≈#
#.#.#######§#.###
#.#....#[@§.#.#
#.#.##.#H##.#.#
#......5§...☼○#
#.#..##'##..#.#
#.#..#8○8#..#.#
#....#○°.#....#
###8.#8.8#.8###
####§.)#### #8.8#


You could see a minotaur (resistant, poisoned, ally target, reflecting), a
friendly animated robe (summoned) and a friendly cerulean imp (summoned).

Vanquished Creatures
  Harold (D:9)
  Fannar (D:12)
  Erolcha (D:11)
  2 two-headed ogres
  2 death scarabs (Gauntlet)
  A fire crab (Lair:2)
  3 lindwurms (Lair:1)
  An orc knight (D:11)
  A necromancer (Gauntlet)
  A harpy (Lair:2)
  An ugly thing (D:10)
  A spectral boulder beetle (Gauntlet)
  A manticore (D:12)
  6 elephants
  An unseen horror (D:10)
  6 cane toads
  A kobold demonologist (D:12)
  2 komodo dragons
  4 trolls
  Prince Ribbit (D:8)
  A hornet (Gauntlet)
  A spectral dream sheep (Gauntlet)
  4 blink frogs (Lair:1)
  A spectral black mamba (Gauntlet)
  4 shadows
  A vampire (D:9)
  A water elemental (D:12)
  3 slime creatures
  2 wraiths
  3 basilisks
  4 steam dragons
  15 yaks
  3 hogs
  14 orc warriors
  4 water moccasins
  A spectral torpor snail (Gauntlet)
  4 ice beasts
  2 sky beasts
  3 ogres
  9 wolves
  5 centaurs
  3 kobold brigands
  2 gnoll sergeants
  9 bullfrogs
  4 scorpions
  4 wights (D:10)
  9 killer bees (D:10)
  An electric eel (D:12)
  A howler monkey (D:11)
  A gnoll bouda (D:7)
  3 jellies
  Crazy Yiuf (D:3)
  7 orc priests
  5 hounds
  2 iguanas
  Jessica (D:3)
  A sleepcap (D:6)
  Ijyb (D:3)
  9 orc wizards
  15 adders
  21 gnolls
  A shadow imp (D:7)
  An ufetubus (D:4)
  A worm (D:3)
  7 dart slugs
  54 orcs
  2 endoplasms
  A giant cockroach (D:3)
  6 goblins
  4 hobgoblins
  5 jackals
  18 kobolds
  2 quokkas (D:4)
  2 ball pythons
  3 bats
  3 frilled lizards
  12 rats
345 creatures vanquished.

Vanquished Creatures (collateral kills)
  A skyshark (Lair:2)
  A harpy (Lair:2)
  3 elephants (Lair:3)
  2 komodo dragons
  A polar bear (Lair:2)
  A hornet (Gauntlet)
  4 yaks
  A hog (D:11)
  A gnoll sergeant (D:9)
15 creatures vanquished.

Vanquished Creatures (others)
  An orc priest (D:9)
  A gnoll (D:9)
2 creatures vanquished.

Grand Total: 362 creatures vanquished

Notes
Turn   | Place    | Note
-------+----------+-------------------------------------------
     0 | D:1      | olmar the Ghoul Earth Elementalist began the quest for the
                  | Orb.
     0 | D:1      | Reached XP level 1. HP: 14/14 MP: 2/2
   422 | D:1      | Reached XP level 2. HP: 15/20 MP: 1/3
   895 | D:2      | Reached skill level 4 in Earth Magic
   895 | D:2      | Reached XP level 3. HP: 26/26 MP: 2/5
  1361 | D:2      | Reached XP level 4. HP: 34/34 MP: 1/6
  1761 | D:3      | Learned a level 2 spell: Passwall
  2021 | D:3      | Learned a level 3 spell: Stone Arrow
  2322 | D:3      | Noticed Ijyb
  2334 | D:3      | Killed Ijyb
  2335 | D:3      | Reached XP level 5. HP: 38/39 MP: 0/8
  2410 | D:3      | Found a runed translucent door.
  2411 | D:3      | Noticed Crazy Yiuf
  2483 | D:3      | Identified the +7 spear of Ragnarok {flame, Contam Str-2
                  | Dex+4 SInv}
  2681 | D:3      | Noticed Jessica
  2686 | D:3      | Killed Jessica
  2687 | D:3      | Reached skill level 5 in Earth Magic
  3218 | D:4      | Reached XP level 6. HP: 46/46 MP: 3/10
  3605 | D:3      | Killed Crazy Yiuf
  3817 | D:4      | Found a staircase to the Ecumenical Temple.
  3841 | D:4      | Reached skill level 6 in Earth Magic
  3841 | D:4      | Reached XP level 7. HP: 27/51 MP: 3/12
  3860 | Temple   | Entered the Ecumenical Temple
  4189 | D:5      | Entered Level 5 of the Dungeon
  4277 | D:5      | Reached skill level 1 in Fighting
  4654 | D:5      | Reached skill level 5 in Spellcasting
  4654 | D:5      | Reached skill level 7 in Earth Magic
  4656 | D:5      | Reached XP level 8. HP: 30/59 MP: 6/14
  4816 | D:5      | Learned a level 4 spell: Petrify
  5819 | D:6      | Reached skill level 8 in Earth Magic
  5911 | D:6      | Found a shadowy altar of Dithmenos.
  6032 | D:6      | Found a radiant altar of Vehumet.
  6349 | D:6      | Found a hazy altar of Hepliaklqana.
  6737 | D:7      | Found a sacrificial altar of Ru.
  6746 | D:7      | Reached XP level 9. HP: 67/68 MP: 17/17
  6973 | D:7      | Noticed a purple ugly thing
  6975 | D:7      | Noticed an ancient zyme
  6975 | D:7      | Noticed a cyan ugly thing
  6976 | D:7      | Found a corrupted altar of Lugonu.
  6977 | D:7      | Noticed a cyan ugly thing
  7075 | D:7      | Found a transporter.
  7077 | D:7      | Found a transporter.
  7096 | D:7      | Reached skill level 9 in Earth Magic
  7676 | D:8      | Noticed Prince Ribbit
  7695 | D:8      | Killed Prince Ribbit
  7842 | D:8      | Noticed a two-headed ogre
  7861 | D:8      | Killed a two-headed ogre
  7862 | D:8      | Reached skill level 10 in Earth Magic
  7862 | D:8      | Reached XP level 10. HP: 59/78 MP: 1/20
  7989 | D:8      | Found a stormy altar of Qazlal.
  8098 | D:8      | Reached skill level 1 in Conjurations
  8117 | D:9      | Noticed Harold
  8179 | D:10     | Entered Level 10 of the Dungeon
  8201 | D:9      | Killed Harold
  8530 | D:8      | Reached skill level 11 in Earth Magic
  8553 | D:8      | Reached skill level 5 in Dodging
  8905 | D:8      | Found an iron altar of Okawaru.
  9431 | D:9      | Found a staircase to the Lair.
  9498 | D:9      | Found a shimmering altar of Xom.
  9498 | D:9      | Found a bloodstained altar of Trog.
  9687 | D:10     | Reached XP level 11. HP: 85/85 MP: 14/23
  9733 | D:10     | Found an ornate altar of the Wu Jian Council.
  9806 | D:10     | Noticed a white ugly thing
  9827 | D:10     | Killed a white ugly thing
 10376 | D:10     | Found a sparkling altar of Nemelex Xobeh.
 10392 | D:10     | Found an opulent altar of Gozag.
 10614 | D:10     | Became a worshipper of Gozag Ym Sagoz the Greedy
 10638 | D:10     | Noticed a two-headed ogre
 10643 | D:10     | Killed a two-headed ogre
 10644 | D:10     | Reached skill level 12 in Earth Magic
 11153 | D:11     | Noticed Erolcha
 11164 | D:11     | Killed Erolcha
 11459 | D:11     | Noticed an orc knight
 11619 | D:11     | Killed an orc knight
 11845 | D:12     | Reached skill level 10 in Spellcasting
 12022 | D:12     | Noticed a manticore
 12030 | D:12     | Killed a manticore
 12051 | D:12     | Learned a level 4 spell: Animate Armour
 12203 | D:12     | Found a staircase to the Orcish Mines.
 12264 | D:12     | Noticed Kirke
 12292 | D:11     | Reached XP level 12. HP: 44/92 MP: 22/25
 12855 | D:12     | Noticed a sphinx
 13160 | Lair:1   | Entered Level 1 of the Lair of Beasts
 13164 | Lair:1   | Learned a level 2 spell: Call Imp
 13264 | Lair:1   | Reached skill level 1 in Summonings
 13387 | Lair:1   | Reached skill level 5 in Conjurations
 13633 | Lair:1   | Reached skill level 13 in Earth Magic
 14533 | Lair:1   | Reached skill level 5 in Fighting
 14768 | Lair:2   | Found a staircase to the Shoals.
 15231 | Lair:2   | Noticed a skyshark
 15245 | Lair:2   | Killed a skyshark
 15348 | Lair:2   | Reached XP level 13. HP: 70/101 MP: 27/27
 15458 | Lair:2   | Noticed a minotaur
 15458 | Lair:2   | Noticed olmar's ghost (journeyman AtFi)
 15505 | Lair:2   | Found a runed translucent gate.
 15505 | Lair:2   | Found a runed translucent gate.
 15505 | Lair:2   | Found a runed translucent gate.
 16368 | D:12     | Noticed Frances
 16432 | D:12     | Noticed Fannar
 16443 | D:12     | Killed Fannar
 16444 | D:12     | Reached skill level 14 in Earth Magic
 17308 | Lair:3   | Found a gate leading to a gauntlet.
 17319 | Gauntlet | Entered a Gauntlet
 17319 | Gauntlet | Found the +8 demon trident "Rift" {distort, reach+}
 17319 | Gauntlet | Found a large runed translucent door.
 17319 | Gauntlet | Found a large runed translucent door.
 17319 | Gauntlet | Found a large runed translucent door.
 17319 | Gauntlet | Found a large runed translucent door.
 17319 | Gauntlet | Found a runed translucent door.
 17319 | Gauntlet | Found a large runed translucent door.
 17319 | Gauntlet | Found a large runed translucent door.
 17319 | Gauntlet | Found a transporter.
 17319 | Gauntlet | Found a transporter.
 17319 | Gauntlet | Found a large runed translucent door.
 17319 | Gauntlet | Found a large runed translucent door.
 17319 | Gauntlet | Found a runed translucent gate.
 17319 | Gauntlet | Found a runed translucent gate.
 17319 | Gauntlet | Found a transporter.
 17570 | Gauntlet | Found a runed translucent door.
 17570 | Gauntlet | Found a runed translucent gate.
 17575 | Gauntlet | Found a transporter.
 17578 | Gauntlet | Found a transporter.
 17578 | Gauntlet | Found a transporter.
 17582 | Gauntlet | Found a large runed translucent door.
 17583 | Gauntlet | Found a large runed translucent door.
 17589 | Gauntlet | Found a transporter.
 17591 | Gauntlet | Found a transporter.
 17592 | Gauntlet | Found a transporter.
 17592 | Gauntlet | Found a transporter.
 17601 | Gauntlet | Found a transporter.
 17601 | Gauntlet | Found the +4 robe of Folly {Brill Will-∞ Int+8}
 18043 | Gauntlet | Learned a level 3 spell: Dazzling Flash
 18436 | Gauntlet | Noticed a minotaur
 18449 | Gauntlet | Slain by a minotaur

Illustrated notes

Levels and vault maps discovered:
D:1:      dpeg_arrival_leaves_temple_mockup, layout_basic,
          minmay_misc_feat_more_columns
D:2:      layout_basic
D:3:      layout_basic, mainiacjoe_overflow_alcove_4, serial_curves,
          eino_curves_02, eino_curves_04, nrook_mini_vaults, uniq_jessica,
          uniq_ijyb, uniq_crazy_yiuf_cottage
D:4:      layout_rooms, temple_pool_b, amcnicky_mini_rare_corridor_liquid,
          kennysheep_nondescript
D:5:      layout_basic
D:6:      layout_gridville, lemuel_doored_altar,
          nicolae_dithmenos_shadow_blocks, mainiacjoe_overflow_catwalk_spiral
D:7:      gammafunk_corrupted_shrine, layout_basic,
          nicolae_ru_great_annihilating_truth
D:8:      layout_basic, okawaru_metal_pillars_1_2,
          nicolae_qazlal_beasts_of_the_sky, nicolae_figureground_pulse,
          uniq_prince_ribbit1
D:9:      layout_small_grid, gammafunk_temple_overflow_wave, lair_entry_dummy,
          uniq_harold
D:10:     layout_loops_ring, mainiacjoe_overflow_catwalk, lemuel_crystal_altar,
          nicolae_gozag_cash_rules_everything_around_me, tso_altar,
          minmay_misc_feat_tower
D:11:     layout_long_grid, special_room [special_room_orc], uniq_erolcha
D:12:     layout_small_grid, erik_orc_2, gammafunk_ghost_cemetery,
          chequers_serial_rivers_marsh, uniq_frances, uniq_kirke, uniq_fannar
Temple:   nicolae_temple_superstar
Lair:1:   wander_river, layout_cave_shapes, nicolae_lair_lindhole
Lair:2:   layout_roguey, nicolae_shoals_entry_roost,
          maelrawn_ghost_gauntlet_escape, grunt_megastairs_5
Lair:3:   layout_chaotic_city, guppyfry_snake_entry_garden,
          gauntlet_entry_generic
Gauntlet: gammafunk_gauntlet_hard_choice
          [minmay_gauntlet_arena_make_your_own_arena,
          gammafunk_gauntlet_arena_teeth, nicolae_gauntlet_swirl,
          gammafunk_gauntlet_arena_grid, gammafunk_gauntlet_arena_spirals,
          nicolae_gauntlet_arena_x, nicolae_gauntlet_exit_dead_adventurers]

Skill      XL: |  1  2  3  4  5  6  7  8  9 10 11 12 13 |
---------------+----------------------------------------+-----
Dodging        | 2 3 4 5 6 |  6.8
Spellcasting   | 2 3 4 5 6 7 9 10 11 12 | 12.1
Earth Magic    | 4 5 6 7 8 10 11 12 13 14 | 14.4
Fighting       | 1 2 3 4 5 |  5.8
Conjurations   | 2 4 6 |  6.8
Summonings     | 2 3 |  3.0
Armour         | |  0.2
Stealth        | |  2.1
Transmutations | |  0.8

Action                     |  1- 3 |  4- 6 |  7- 9 | 10-12 | 13-15 || total
---------------------------+-------+-------+-------+-------+-------++-------
  Melee: Staff             |    13 |    20 |       |       |       ||    33
         Unarmed           |     3 |       |       |       |       ||     3
         Punch             |     1 |     1 |     1 |       |     4 ||     7
         Spear             |       |    13 |   107 |    68 |    57 ||   245
  Throw: Dart              |       |     2 |     9 |     1 |       ||    12
         Throwing net      |       |     2 |     4 |       |       ||     6
   Cast: Sandblast         |    40 |   105 |   120 |     8 |       ||   273
         Stone Arrow       |       |       |    10 |   361 |   121 ||   492
         Petrify           |       |       |     1 |     5 |     3 ||     9
         Animate Armour    |       |       |       |    15 |    20 ||    35
         Call Imp          |       |       |       |     3 |    13 ||    16
 Invoke: Potion Petition   |       |       |       |       |     7 ||     7
  Evoke: Wand              |       |     6 |     3 |     9 |       ||    18
    Use: Scroll            |     1 |     1 |     1 |    10 |     9 ||    22
         Potion            |       |     4 |     2 |     6 |     7 ||    19
   Stab: Distracted        |       |     1 |     1 |     1 |     2 ||     5
         Sleeping          |       |       |     8 |       |       ||     8
         Held in net/web   |       |       |     1 |       |       ||     1
         Petrified         |       |       |       |     5 |     8 ||    13
 Armour: Robe              |     6 |    11 |    19 |       |       ||    36
         Steam dragon scal |       |       |    24 |    65 |    54 ||   143
         Leather armour    |       |       |     2 |       |       ||     2
  Dodge: Dodged            |    17 |    86 |   139 |   195 |   162 ||   599

Table legend: (Time is in decaauts)
 A = Elapsed time spent in this place.
 B = Non-inter-level travel time spent in this place.
 C = Inter-level travel time spent in this place.
 D = Time resting spent in this place.
 E = Time spent auto-exploring this place.
 F = Levels seen in this place.
 G = Mean time per level.
                   A        B        C        D        E       F      G
               +--------+--------+--------+--------+--------+-----+--------+
         Total |  18671 |  17872 |    799 |   4541 |  10169 |  17 | 1098.3 |
       Dungeon |  14556 |  13858 |    698 |   3232 |   8331 |  12 | 1213.0 |
        Temple |    168 |    168 |      0 |      0 |    138 |   1 |  168.0 |
          Lair |   2782 |   2681 |    101 |    518 |   1638 |   3 |  927.3 |
      Gauntlet |   1162 |   1162 |      0 |    790 |     62 |   1 | 1162.0 |
               +--------+--------+--------+--------+--------+-----+--------+

Top non-repeatable levels by time:
    D:11: 2170 daAuts
     D:9: 1590 daAuts
     D:5: 1393 daAuts
  Lair:2: 1335 daAuts
     D:3: 1297 daAuts
  Lair:1: 1251 daAuts
     D:2: 1244 daAuts
Gauntlet: 1162 daAuts
    D:12: 1136 daAuts
     D:6: 1132 daAuts
    D:10: 1081 daAuts
     D:7: 972 daAuts
     D:8: 971 daAuts
     D:1: 799 daAuts
     D:4: 765 daAuts
